 Dungeon Crawl Stone Soup version 0.31-a0-240-gb923e448b6 (webtiles) character file.

Game seed: 6046859714876587916

72 qw the Shooter (level 4, -3/26 HPs)
             Began as a Gargoyle Hexslinger on July 12, 2023.
             Killed by divine providence
             ... invoked by an orc priest
              (14 damage)
             ... on level 3 of the Dungeon.
             The game lasted 00:00:46 (1569 turns).

qw the Shooter (Gargoyle Hexslinger)                Turns: 1569, Time: 00:00:47

Health: -3/26      AC: 10    Str: 12    XL:     4   Next: 26%
Magic:  5/5        EV: 10    Int: 13    God:
Gold:   157        SH:  0    Dex: 14    Spells: 4/5 levels left

rFire   . . .        Y - +1 sling
rCold   . . .        (no shield)
rNeg    + . .        i - +0 ring mail
rPois   inf          e - +0 helmet
rElec   +            (no cloak)
rCorr   .            j - +0 pair of gloves
SInv    .            (no boots)
Will    .....        (no amulet)
Stlth   +            (no ring)
HPRegen 0.24/turn    (no ring)
MPRegen 0.09/turn

%: no passive effects
@: no status effects
A: sickness immunity, AC +3, negative energy resistance 1, electricity
resistance, torment resistance 1, petrification resistance
a: no special abilities


You were on level 3 of the Dungeon.
You visited 1 branch of the dungeon, and saw 3 of its levels.

You collected 157 gold pieces.


Innate Abilities, Weirdness & Mutations

You are immune to sickness and miasma.
Your stone body is resilient. (AC +3)
You are immune to poison.
You resist negative energy. (rN+)
You are resistant to electric shocks. (rElec)
You are resistant to unholy torment.
You are immune to petrification.


   Skills:
 - Level 2.0 Fighting
 + Level 3.8 Ranged Weapons
 - Level 1.1 Armour
 - Level 1.5 Dodging
 - Level 1.0 Spellcasting
 - Level 2.6 Hexes


You had 4 spell levels left.
You knew the following spells:

 Your Spells              Type           Power      Damage    Failure   Level
a - Slow                  Hex            28%        N/A       22%         1

Your spell library contained the following spells:

 Spells                   Type           Power      Damage    Failure   Level
 Inner Flame              Hex/Fire       4%         N/A       73%         3
 Portal Projectile        Hex/Tloc       8%         N/A       73%         3
 Cause Fear               Hex            3%         N/A       91%         4

Inventory:

Hand Weapons
 Y - a +1 sling (weapon)
Armour
 e - a +0 helmet (worn)
 i - a +0 ring mail (worn)
 j - a +0 pair of gloves (worn)
Scrolls
 a - 2 scrolls of identify
 c - a scroll of teleportation
Potions
 f - 4 potions of heal wounds

Dungeon Overview and Level Annotations

Branches:
Dungeon (3/15)

Altars:


Message History

The orc shouts!
The sling bullet hits the orc.
The orc is moderately wounded.
The goblin shoots a sling bullet.
The sling bullet closely misses you.
The goblin shoots a sling bullet.
The sling bullet hits you but does no damage.
You hear a shout!
You shoot a sling bullet.
The sling bullet completely misses the orc priest.
The goblin shoots a sling bullet.
The sling bullet hits you.
You shoot a sling bullet.
The sling bullet closely misses the orc priest.
A goblin comes into view. It is wielding a +0 sling.
The goblin shoots a sling bullet.
The sling bullet hits you but does no damage.
The goblin shoots a sling bullet.
The sling bullet barely misses you.
An orc wizard comes into view. It is wielding a +0 dagger.
A goblin comes into view. It is wielding a +0 sling.
The goblin moves out of view.
You shoot a sling bullet.
The sling bullet barely misses the orc priest.
The goblin shouts!
The sling bullet hits the orc.
The orc is severely wounded.
The orc priest mumbles some strange prayers to Beogh against you.
Beogh smites you!
Ouch! That really hurt!
The orc wizard casts a spell.
The orc wizard flickers and vanishes!
Deactivating autopickup; reactivate with Ctrl-A.
The goblin shoots a sling bullet.
The sling bullet hits you.
The goblin shoots a sling bullet.
The sling bullet hits you but does no damage.
You shoot a sling bullet.
The sling bullet closely misses the orc.
The goblin shoots a sling bullet.
The sling bullet closely misses you.
The orc priest invokes the aid of Beogh against you.
Beogh smites you!
Ouch! That really hurt!
You die...

#.# #......# #.#
#.{....# #.# #...... #.#
#..... #.##### #....
#...... #.oo ##.####
######..##########..####
..g....@................
........................
...~~~~~~~~.~.~~~~..~.~.
.~~~~~~~~~~~~~~~~~~~~~~~
g~~~~~~~~~~~~~~~~~~~~~~~
gg~~~~~~~~~~~~~~~~~~~~~~
########################


You could see an orc priest, an orc and 4 goblins.

Vanquished Creatures
  2 worms (D:2)
  2 dart slugs (D:1)
  4 ball pythons
  5 bats (D:2)
  4 endoplasms
  14 giant cockroaches
  7 goblins
  3 hobgoblins
  A jackal (D:1)
  3 quokkas
  A frilled lizard (D:2)
  2 kobolds
  3 rats
51 creatures vanquished.

Notes
Turn   | Place    | Note
-------+----------+-------------------------------------------
     0 | D:1      | qw the Gargoyle Hexslinger began the quest for the Orb.
     0 | D:1      | Reached XP level 1. HP: 12/12 MP: 2/2
     0 | D:1      | 0 ||| qw: Version: 0.3-a-52-g30416fa
     0 | D:1      | 0 ||| qw: Game counter: 6172
     0 | D:1      | 0 ||| qw: Melee chars always use a shield: true
     0 | D:1      | 0 ||| qw: God list: Okawaru
     0 | D:1      | 0 ||| qw: Allow faded altars: false
     0 | D:1      | 0 ||| qw: Do Orc after clearing Dungeon:15 true
     0 | D:1      | 0 ||| qw: Do second Lair branch before Depths: true
     0 | D:1      | 0 ||| qw: Lair rune preference: random
     0 | D:1      | 0 ||| qw: Goals: Normal
     0 | D:1      | 0 ||| PLANNING D:1-11
   140 | D:1      | Reached XP level 2. HP: 16/16 MP: 3/3
   299 | D:1      | Reached skill level 3 in Ranged Weapons
   729 | D:1      | Reached XP level 3. HP: 21/21 MP: 4/4
   765 | D:1      | 765 ||| UPGRADING to +0 leather armour.
   775 | D:1      | 775 ||| DROPPING +0 robe.
   776 | D:1      | 776 ||| UPGRADING to +0 ring mail.
   786 | D:1      | 786 ||| DROPPING +0 leather armour.
   787 | D:1      | 787 ||| UPGRADING to +0 pair of gloves.
   792 | D:1      | 792 ||| READING 3 scrolls labelled VURRECL ATHI.
   793 | D:1      | 793 ||| READING scroll labelled SORYNA PUAN.
   794 | D:1      | 794 ||| READING scroll labelled ZATIMYMUNE.
   795 | D:1      | 795 ||| READING 2 scrolls of identify.
   795 | D:1      | 795 ||| IDENTIFYING green potion
   796 | D:1      | 796 ||| DROPPING scroll of poison.
   948 | D:2      | Reached skill level 1 in Armour
  1130 | D:2      | Reached XP level 4. HP: 25/26 MP: 5/5
  1339 | D:2      | 1339 ||| UPGRADING to +0 helmet.
  1344 | D:2      | 1344 ||| READING 2 scrolls labelled XUTIXZUUFE.
  1349 | D:2      | 1349 ||| READING scroll labelled PULIRPH PERUE.
  1350 | D:2      | 1350 ||| DRINKING 2 fuming orange potions.
  1351 | D:2      | 1351 ||| READING 3 scrolls of identify.
  1351 | D:2      | 1351 ||| IDENTIFYING black potion
  1352 | D:2      | 1352 ||| DROPPING potion of degeneration.
  1353 | D:2      | 1353 ||| DROPPING potion of brilliance.
  1569 | D:3      | Killed from afar by an orc priest

Levels and vault maps discovered:
D:1:      dpeg_arrival_rhombi, layout_loops_cross, serial_forest,
          infiniplex_forest_straight_1, infiniplex_forest_clump_diagonal,
          infiniplex_forest_clump_C, infiniplex_forest_zigzag_1,
          infiniplex_forest_lined_room_2, infiniplex_forest_lined_ring,
          infiniplex_forest_lined_room_2, infiniplex_forest_clump_diagonal,
          infiniplex_forest_corner_2, st_stairs_14
D:2:      minmay_roachtagon, layout_basic
D:3:      minmay_goblin_kobold_castle, layout_basic, uniq_terence

Skill      XL: |  1  2  3 |
---------------+----------+-----
Ranged Weapons | 3 |  3.8
Fighting       | 2 |  2.0
Armour         | 1 |  1.1
Dodging        | |  1.5
Spellcasting   | |  1.0
Hexes          | |  2.6

Action                     |  1- 3 |  4- 6 || total
---------------------------+-------+-------++-------
   Fire: Sling             |   144 |    40 ||   184
    Use: Scroll            |     4 |     3 ||     7
         Potion            |       |     1 ||     1
 Armour: Robe              |     4 |       ||     4
         Ring mail         |    56 |     9 ||    65
  Dodge: Dodged            |    66 |    12 ||    78

Table legend:
 A = Non-vault XP
 B = Vault XP
 C = Vault XP percentage of total XP
 D = Non-vault monster count
 E = Vault monster count
 F = Vault count percentage of total count
                 A         B        C        D         E       F
            +---------+---------+-------+---------+---------+-------
      Total |      79 |      25 |  24.0 |      38 |      13 |  25.5
            +---------+---------+-------+---------+---------+-------
        D:1 |      30 |       5 |  14.3 |      14 |       3 |  17.6
        D:2 |      41 |      20 |  32.8 |      20 |      10 |  33.3
        D:3 |       8 |       0 |   0.0 |       4 |       0 |   0.0
            +---------+---------+-------+---------+---------+-------
